 Dungeon Crawl Stone Soup version 0.23.0 (webtiles) character file.

Game seed: 2712373910081013156

963265 Kondrat the Executioner (level 27, -11/245 HPs)
             Began as a Formicid Fighter on Feb 9, 2019.
             Was the Champion of Makhleb.
             Killed from afar by a Tzitzimitl (31 damage)
             ... with a bolt of negative energy
             ... summoned by a shadow demon
             ... summoned by a shadow demon
             ... on level 15 of a ziggurat on Feb 10, 2019.
             The game lasted 04:37:38 (76290 turns).

Kondrat the Executioner (Formicid Fighter)         Turns: 76290, Time: 04:37:38

Health: -11/245    AC: 39    Str: 34      XL:     27
Magic:  23/23      EV: 21    Int:  4 (5)  God:    Makhleb [******]
Gold:   13087      SH: 30    Dex: 14      Spells: 16/26 levels left

rFire    + + .     SeeInvis +   F - +9 executioner's axe (holy)
rCold    + + .     Gourm    .   L - +2 large shield
rNeg     + . .     Faith    .   x - +7 crystal plate armour
rPois    .         Spirit   .   (helmet unavailable)
rElec    .         Reflect  .   E - scarf {rC+ rF+}
rCorr    .         Harm     .   g - +3 pair of gauntlets of War {Slay+5}
MR       ++++.                  T - +2 pair of boots {Stlth+}
Stlth    ..........             H - necklace of Bloodlust {*Rage +Rage MR++ Int-3 Slay+6 *Curse} (curse)
HPRegen  0.50/turn              p - ring "Qaeweff" {rF+ rC+ rN+ Str+4 Dex+4}
MPRegen  0.18/turn              (no ring)

@: sap magic, studying Summonings, drained
A: permanent stasis, dig shafts and tunnels, four strong arms, antennae 3,
deformed body, dopey 1, low mp 2, weak 1, no potion heal 1[+2]
}: 9/15 runes: decaying, slimy, silver, iron, obsidian, icy, bone, abyssal,
gossamer
a: Dig, Shaft Self, Minor Destruction, Lesser Servant of Makhleb, Major
Destruction, Greater Servant of Makhleb, Renounce Religion


You were on level 15 of a ziggurat.
You worshipped Makhleb.
Makhleb was exalted by your worship.
You were hungry.

You visited 16 branches of the dungeon, and saw 77 of its levels.
You visited the Abyss 1 time.
You visited 1 ziggurat, and saw 15 of its levels.
You also visited: Ice Cave and Volcano.

You collected 14639 gold pieces.
You spent 1295 gold pieces at shops.
You donated 257 gold pieces to Zin.

Inventory:

Hand Weapons
 F - a +9 executioner's axe of holy wrath (weapon)
 O - a +2 battleaxe of flaming
Armour
 a - a +0 pair of boots of running
 g - the +3 pair of gauntlets of War (worn) {Slay+5}
   (Okawaru gifted it to you on level 2 of the Vaults)

   It affects your accuracy and damage with ranged weapons and melee attacks
   (+5).
 x - a +7 crystal plate armour (worn)
 E - a scarf of resistance (worn)
 L - a +2 large shield (worn)
 N - +1 ice dragon scales
 T - a +2 pair of boots of stealth (worn)
 X - the +2 ratskin cloak {+Rats rPois rN+ Str-1 Int-1 Dex+1}
   (You found it on level 5 of a ziggurat)

   It affects your strength (-1).
   It affects your intelligence (-1).
   It affects your dexterity (+1).
   It protects you from poison.
   It protects you from negative energy.
Jewellery
 c - the ring "Bietic" {+Fly MR+ Str+4 Slay+3}
   (You found it on level 1 of the Elven Halls)

   [ring of slaying]

   It affects your strength (+4).
   It affects your accuracy and damage with ranged weapons and melee attacks
   (+3).
   It affects your resistance to hostile enchantments.
   It lets you fly.
 f - the ring of Benevolence {rPois Int+6 Dex+3}
   (You took it off Antaeus on level 7 of Cocytus)

   [ring of dexterity]

   It affects your intelligence (+6).
   It affects your dexterity (+3).
   It protects you from poison.
 p - the ring "Qaeweff" (left hand) {rF+ rC+ rN+ Str+4 Dex+4}
   (You found it on level 7 of Cocytus)

   [ring of strength]

   It affects your strength (+4).
   It affects your dexterity (+4).
   It protects you from fire.
   It protects you from cold.
   It protects you from negative energy.
 q - an uncursed ring of flight
 s - an uncursed ring of resist corrosion
 w - the ring "Qeghuyrch" {rF+ EV+2}
   (You took it off a deep elf high priest on level 5 of the Vaults)

   [ring of evasion]

   It affects your evasion (+2).
   It protects you from fire.
 y - an uncursed ring of positive energy
 C - an uncursed ring of protection from cold
 H - the cursed necklace of Bloodlust (around neck) {*Rage +Rage MR++ Int-3 Slay+6 *Curse}
   (You took it off a fire giant on level 5 of the Vaults)

   [amulet of rage]

   It affects your intelligence (-3).
   It affects your accuracy and damage with ranged weapons and melee attacks
   (+6).
   It affects your resistance to hostile enchantments.
   It lets you go berserk.
   It may make you go berserk in combat.
   It curses itself when equipped.
   It has a curse placed upon it.
 I - an uncursed ring of protection from fire
 K - the ring "Zifrong" {+Blink rC- rN+++ AC+2 Int-4}
   (You found it on level 11 of a ziggurat)

   [ring of protection]

   It affects your AC (+2).
   It affects your intelligence (-4).
   It makes you vulnerable to cold.
   It renders you almost immune to negative energy.
   It lets you blink.
 P - the ring "Hiluk" {rElec Str+4 SInv}
   (You found it on level 7 of the Iron City of Dis)

   [ring of see invisible]

   It affects your strength (+4).
   It insulates you from electricity.
   It lets you see invisible.
 V - the ring of Ru's Vengeance {Ice rElec Int+2 Dex-3 Stlth+}
   (You found it on level 13 of a ziggurat)

   [ring of ice]

   It enhances your ice magic.
   It affects your intelligence (+2).
   It affects your dexterity (-3).
   It makes you vulnerable to fire.
   It protects you from cold.
   It insulates you from electricity.
   It makes you more stealthy.
Scrolls
 b - 9 scrolls of fear
 e - 22 scrolls of remove curse
 h - 3 scrolls of enchant weapon
 i - 13 scrolls of amnesia
 j - 15 scrolls of identify
 l - a scroll of brand weapon
 n - 11 scrolls of immolation
 B - 6 scrolls of fog
 J - 3 scrolls of torment
 M - 2 scrolls of holy word
 Q - a scroll of acquirement
 S - 10 scrolls of magic mapping
 U - 6 scrolls of silence
 Y - 10 scrolls of enchant armour
Potions
 d - 4 potions of might
 k - 3 potions of agility
 m - 6 potions of cancellation
 o - 11 potions of curing
 r - 7 potions of heal wounds
 t - 15 potions of lignification
 u - 7 potions of ambrosia
 v - 11 potions of mutation
 z - 4 potions of flight
 A - 13 potions of brilliance
 D - 2 potions of resistance
 Z - 2 potions of magic
Books
 R - a manual of Summonings
Comestibles
 G - 47 rations


   Skills:
 - Level 26.0(24.9) Fighting
 - Level 26.0(24.9) Axes
   Level 2.0(1.4) Staves
 - Level 26.0(25.0) Armour
 + Level 24.8(23.8) Dodging
 - Level 26.0(24.9) Shields
 - Level 9.0(8.3) Invocations


You had 16 spell levels left.
You knew the following spells:

 Your Spells              Type           Power        Failure   Level  Hunger
a - Song of Slaying       Chrm           #.......     99%         2    ###....
b - Necromutation         Tmut/Necr      #.........   100%        8    #######

Your spell library contained the following spells:

 Spells                   Type           Power        Failure   Level  Hunger
 Animate Skeleton         Necr           N/A          96%         1    ##.....
 Apportation              Tloc           #.....       96%         1    ##.....
 Beastly Appendage        Tmut           #.....       96%         1    ##.....
 Confusing Touch          Hex            #.....       96%         1    ##.....
 Corona                   Hex            #......      96%         1    ##.....
 Flame Tongue             Conj/Fire      #....        96%         1    ##.....
 Infusion                 Chrm           #...         96%         1    ##.....
 Magic Dart               Conj           #...         96%         1    ##.....
 Pain                     Necr           #...         96%         1    ##.....
 Sandblast                Erth           #.....       96%         1    ##.....
 Shock                    Conj/Air       #...         96%         1    ##.....
 Sting                    Conj/Pois      #...         96%         1    ##.....
 Summon Butterflies       Summ           #.......     96%         1    ##.....
 Summon Small Mammal      Summ           #...         96%         1    ##.....
 Corpse Rot               Necr           N/A          99%         2    ###....
 Ensorcelled Hibernation  Hex/Ice        #.....       99%         2    ###....
 Passwall                 Tmut/Erth      #.......     99%         2    ###....
 Poisonous Vapours        Pois/Air       #.....       99%         2    ###....
 Searing Ray              Conj           #.....       99%         2    ###....
 Shroud of Golubria       Chrm/Tloc      #.........   99%         2    ###....
 Slow                     Hex            #.......     99%         2    ###....
 Sticks to Snakes         Tmut           #.......     99%         2    ###....
 Sublimation of Blood     Necr           #.........   99%         2    ###....
 Swiftness                Chrm/Air       #.......     99%         2    ###....
 Throw Flame              Conj/Fire      #.....       99%         2    ###....
 Throw Frost              Conj/Ice       #.....       99%         2    ###....
 Call Canine Familiar     Summ           #.......     100%        3    ####...
 Confuse                  Hex            #.......     100%        3    ####...
 Conjure Flame            Conj/Fire      #.......     100%        3    ####...
 Dazzling Spray           Conj/Hex       #.....       100%        3    ####...
 Gell's Gravitas          Tloc           #.........   100%        3    ####...
 Inner Flame              Hex/Fire       #.......     100%        3    ####...
 Mephitic Cloud           Conj/Pois/Air  #.......     100%        3    ####...
 Ozocubu's Armour         Chrm/Ice       #.......     100%        3    ####...
 Portal Projectile        Hex/Tloc       #.....       100%        3    ####...
 Regeneration             Chrm/Necr      #.........   100%        3    ####...
 Spectral Weapon          Hex/Chrm       #.......     100%        3    ####...
 Spider Form              Tmut/Pois      #.........   100%        3    ####...
 Static Discharge         Conj/Air       #.......     100%        3    ####...
 Stone Arrow              Conj/Erth      #.....       100%        3    ####...
 Tukima's Dance           Hex            #.......     100%        3    ####...
 Airstrike                Air            #.........   100%        4    #####..
 Animate Dead             Necr           N/A          100%        4    #####..
 Cause Fear               Hex            #.........   100%        4    #####..
 Force Lance              Conj/Tloc      #.......     100%        4    #####..
 Fulminant Prism          Conj/Hex       #.........   100%        4    #####..
 Ice Form                 Ice/Tmut       #.......     100%        4    #####..
 Iskenderun's Mystic Bla  Conj           #.......     100%        4    #####..
 Leda's Liquefaction      Hex/Erth       #.........   100%        4    #####..
 Olgreb's Toxic Radiance  Pois           #.......     100%        4    #####..
 Passage of Golubria      Tloc           N/A          100%        4    #####..
 Petrify                  Tmut/Erth      #.......     100%        4    #####..
 Sticky Flame             Conj/Fire      #.......     100%        4    #####..
 Summon Ice Beast         Ice/Summ       #.......     100%        4    #####..
 Throw Icicle             Conj/Ice       #.......     100%        4    #####..
 Agony                    Necr           #.......     100%        5    ######.
 Blade Hands              Tmut           #.........   100%        5    ######.
 Bolt of Draining         Conj/Necr      #.........   100%        5    ######.
 Bolt of Magma            Conj/Fire/Erth #.........   100%        5    ######.
 Borgnjor's Vile Clutch   Necr/Erth      #.........   100%        5    ######.
 Dispel Undead            Necr           #.......     100%        5    ######.
 Excruciating Wounds      Chrm/Necr      #.........   100%        5    ######.
 Fireball                 Conj/Fire      #.........   100%        5    ######.
 Irradiate                Conj/Tmut      #.........   100%        5    ######.
 Iskenderun's Battlesphe  Conj/Chrm      #.......     100%        5    ######.
 Lee's Rapid Deconstruct  Erth           #.........   100%        5    ######.
 Lightning Bolt           Conj/Air       #.........   100%        5    ######.
 Metabolic Englaciation   Hex/Ice        #.........   100%        5    ######.
 Silence                  Hex/Air        #.........   100%        5    ######.
 Summon Mana Viper        Hex/Summ       #.......     100%        5    ######.
 Venom Bolt               Conj/Pois      #.........   100%        5    ######.
 Yara's Violent Unravell  Hex/Tmut       #.........   100%        5    ######.
 Bolt of Fire             Conj/Fire      #.........   100%        6    #######
 Darkness                 Hex            #.........   100%        6    #######
 Deflect Missiles         Chrm/Air       #.........   100%        6    #######
 Freezing Cloud           Conj/Ice/Air   #.........   100%        6    #######
 Hydra Form               Tmut           #.........   100%        6    #######
 Invisibility             Hex            #.......     100%        6    #######
 Iron Shot                Conj/Erth      #.........   100%        6    #######
 Shadow Creatures         Summ           N/A          100%        6    #######
 Statue Form              Tmut/Erth      #........    100%        6    #######
 Dragon Form              Tmut           #.........   100%        7    #######
 Haunt                    Necr/Summ      #.........   100%        7    #######
 Malign Gateway           Summ/Tloc      #.........   100%        7    #######
 Monstrous Menagerie      Summ           #.........   100%        7    #######
 Orb of Destruction       Conj           #.........   100%        7    #######
 Ring of Flames           Chrm/Fire      #.........   100%        7    #######
 Spellforged Servitor     Conj/Summ      #.........   100%        7    #######
 Summon Greater Demon     Summ           #.........   100%        7    #######
 Summon Hydra             Summ           #.........   100%        7    #######
 Borgnjor's Revivificati  Necr           #.........   100%        8    #######
 Death's Door             Chrm/Necr      #.........   100%        8    #######
 Discord                  Hex            #.........   100%        8    #######
 Ignition                 Fire           #.........   100%        8    #######
 Infestation              Necr           #.........   100%        8    #######
 Summon Horrible Things   Summ           #.........   100%        8    #######
 Dragon's Call            Summ           #.........   100%        9    #######
 Shatter                  Erth           #.........   100%        9    #######
 Tornado                  Air            #.........   100%        9    #######


Dungeon Overview and Level Annotations

Branches:
Dungeon (15/15)            Temple (1/1) D:6            Lair (6/6) D:9
  Swamp (4/4) Lair:3       Spider (4/4) Lair:4        Slime (5/5) Lair:5
    Orc (2/2) D:11            Elf (3/3) Orc:2        Vaults (5/5) D:13
  Crypt (3/3) Vaults:2       Tomb (0/3) Crypt:3      Depths (5/5) D:15
   Hell (1/1)                 Dis (7/7) Hell            Geh (7/7) Hell
    Coc (7/7) Hell            Tar (7/7) Hell            Zot (0/5) Depths:5

Altars:
Ashenzari
Cheibriados
Dithmenos
Elyvilon
Fedhas
Gozag
Hepliaklqana
Kikubaaqudgha
Makhleb
Nemelex Xobeh
Okawaru
Qazlal
Ru
Sif Muna
Trog
Uskayaw
Vehumet
Wu Jian
Xom
Yredelemnul
Zin
The Shining One

Shops:
D:5 :   D:12 *   Orc:1 !   Orc:2 [*!:(   Elf:3 (=((   Vaults:3 (   Vaults:5 :

Portals:
Hell: Depths:1 Depths:2 Depths:3 Depths:4 Depths:5
Abyss: Depths:1 Depths:2 Depths:3 Depths:4
Pandemonium: Depths:3 Depths:4
Trove: Depths:1 (give +3 ice dragon scales)


Innate Abilities, Weirdness & Mutations

You cannot be hasted, slowed, berserked, paralysed or teleported.
You can dig through walls and to a lower floor.
Your four strong arms can wield two-handed weapons with a shield.
You have a pair of large antennae on your head. (SInv)
Armour fits poorly on your strangely shaped body.
You are dopey. (Int -2)
Your magical capacity is very low. (-20% MP)
You are weak. (Str -2)
[Potions cannot restore your health.]


Message History

You slice the sixfirhy!!
The sixfirhy convulses.
You block the sixfirhy's attack. You block the red devil's attack.
The shadow demon gestures.
Unknown command.
You closely miss the sixfirhy.
The sixfirhy is severely wounded.
You block the red devil's attack. x3
You closely miss the sixfirhy.
The sixfirhy is severely wounded.
You barely miss the rust devil. You block the red devil's attack.
You block the rust devil's attack.
You cut the sixfirhy into ribbons!!!
You kill the sixfirhy!
You hit the rust devil.
The rust devil convulses!
You block the red devil's attack.
The shadow demon gestures.
The Tzitzimitl gestures at you.
The bolt of negative energy hits the shadow demon.
The shadow demon completely resists.
The bolt of negative energy hits you!! You partially resist.
You feel drained.
You die...

....###.....###.....|}|▓
....................?=:▓
....................|?∩▓
....................=}>▓
....................)=∩▓
....................[!=▓
)...........###..4....)▓
)...#.#....6#2#4.......▓
[...###.....###.@.4....▓
▓▓▓▓.......1242▓▓▓▓▓▓▓▓▓
▓......6..1{▓
▓.......4..{▓
▓...........▓
▓▓▓▓▓▓▓▓▓▓▓▓▓


You could see a Tzitzimitl, a Brimstone Fiend, a monstrous warmonger, 3 shadow
demons, a gelid demonspawn (wandering), 2 rust devils and 3 red devils.

Vanquished Creatures
  Antaeus (Coc:7)
  Asmodeus (Geh:7)
  the Royal Jelly (Slime:5)
  Ereshkigal (Tar:7)
  the Serpent of Hell (Geh:7)
  Dispater (Dis:7)
  Mara (Vaults:5)
  2 juggernauts
  Boris (5 times) (Vaults:2 Vaults:3 Depths:1 Depths:2 Crypt:2)
  Sojobo (Crypt:3)
  A pandemonium lord (Zig:15)
  The ghost of howech the Severer, a veteran MiGl of the Shining One (Vaults:4)
  11 shard shrikes (Coc:7)
  Saint Roka (Vaults:5)
  A caustic shrike (Depths:4)
  A curse toe (Crypt:3)
  Geryon (Hell)
  6 golden dragons
  Nikola (Swamp:3)
  The ghost of TPoD the Slayer, an adept HOMo of Beogh (Vaults:4)
  A profane servitor (Abyss:3)
  9 bone dragons
  Arachne (Spider:3)
  23 Tzitzimimeh
  2 doom hounds (Tar:7)
  13 Brimstone Fiends
  9 liches
  A shard shrike zombie (Crypt:3)
  4 iron giants
  Rupert (Lair:4)
  2 hellephants
  13 tentacled monstrosities
  The ghost of guttsta the Minotaur Blade, an adept MiBe of Trog (Vaults:2)
  15 titans
  9 Hell Sentinels
  6 deep elf blademasters
  15 Ice Fiends
  33 acid blobs
  5 Executioners
  5 deep elf master archers
  4 quicksilver dragons
  3 tentacled starspawn (Abyss:3)
  11 sphinxes
  Gastronok (Lair:3)
  2 eldritch tentacles (Coc:7)
  Agnes (Spider:3)
  13 ancient champions
  3 thorn hunters
  Kirke (Spider:1)
  The ghost of iamserjio the Black Belt, an adept DgTm (Elf:1)
  5 storm dragons
  A draconian monk (Depths:5)
  19 azure jellies
  8 tengu reavers
  9 shadow dragons
  6 daevas
  26 fire giants
  5 revenants
  The ghost of P0WERM0DE the Champion of Chaos, a journeyman DDFi of Makhleb (Spider:4)
  20 frost giants
  5 nagarajas
  2 warmongers (Zig:15)
  3 corrupters (Zig:15)
  6 deep elf sorcerers
  13 vault wardens
  6 emperor scorpions
  10 iron dragons
  3 cacodemons
  5 ghost moths
  A draconian scorcher (Zig:5)
  10 angels
  2 ghouls (Crypt:2)
  The ghost of prawnwizard the Phalangite, a journeyman MfMo of Hepliaklqana (Orc:1)
  7 curse skulls
  13 balrugs
  A draconian stormcaller (Zig:5)
  7 deep elf elementalists
  The ghost of Uummannaq the Severer, a journeyman MiFi of Gozag (D:14)
  A draconian shifter (Depths:5)
  5 elemental wellsprings (Coc:7)
  34 stone giants
  27 war gargoyles
  A juggernaut zombie (Crypt:2)
  11 vampire knights
  7 entropy weavers
  7 deep elf demonologists
  31 reapers
  15 ironheart preservers
  11 very ugly things
  2 green draconians
  7 black draconians
  3 lorocyprocas
  2 white draconians
  8 deep elf annihilators
  2 red draconians
  Azrael (Orc:2)
  A yellow draconian (Zig:1)
  15 spark wasps
  2 purple draconians
  13 blizzard demons
  11 deep elf death magi
  8 eidola
  18 death oozes
  17 ettins
  16 fire dragons
  3 crystal guardians
  19 jiangshi
  3 mummy priests
  12 great orbs of eyes
  2 quicksilver dragon zombies
  Josephine (D:13)
  Fannar (D:10)
  4 naga warriors
  20 yaktaur captains
  2 green deaths
  Erolcha (D:11)
  6 deep elf high priests
  34 vault guards
  3 great orbs of eyes (shapeshifter) (Abyss:4)
  25 hydras
  26 ice dragons
  A monstrous demonspawn (Depths:3)
  A spriggan air mage (Depths:4)
  10 rakshasas
  Erica (D:8)
  5 ghost crabs
  A quicksilver dragon skeleton (Coc:7)
  2 shambling mangroves
  2 catoblepae
  10 death yaks
  6 deep troll shamans
  16 centaur warriors
  20 ogre magi
  16 alligators
  54 two-headed ogres
  6 death knights
  11 dancing weapons
  13 large abominations
  A queen ant (D:11)
  3 anacondas
  2 tengu warriors
  2 deep troll earth magi (Depths:2)
  2 shock serpents (Zig:10)
  10 hell hogs
  2 naga sharpshooters (Zig:10)
  18 vampire magi
  5 titan zombies
  12 thrashing horrors
  3 orc high priests
  7 soul eaters
  3 shock serpents (shapeshifter)
  4 storm dragon zombies
  5 spriggan berserkers (Depths:4)
  Urug (Orc:2)
  3 wretched stars (Abyss:3)
  18 sun demons
  15 iron golems (Dis:7)
  10 spriggans
  19 deep elf knights
  17 shadow wraiths
  2 fire crabs (shapeshifter)
  4 deep trolls
  10 iron trolls (Dis:7)
  4 sixfirhies
  15 hell knights
  3 titan skeletons
  A storm dragon skeleton (Crypt:3)
  An unseen horror (shapeshifter) (D:14)
  54 skeletal warriors
  3 anaconda zombies
  2 spriggan druids (Swamp:4)
  A spatial maelstrom (Abyss:4)
  7 flayed ghosts
  6 shadow demons
  A death drake (Tar:7)
  15 unseen horrors
  A quicksilver dragon simulacrum (Hell)
  A torturous demonspawn (Zig:15)
  An orange crystal statue (Elf:3)
  2 ghost moth zombies
  5 glowing orange brains
  19 ironbrand convokers
  3 wizards
  11 swamp dragons
  2 shadow dragon zombies
  2 naga ritualists (Zig:10)
  A golden dragon skeleton (Depths:1)
  8 harpies
  24 deep elf archers
  11 necromancers
  16 phantasmal warriors
  2 anaconda skeletons (Hell)
  A mana viper (Zig:8)
  3 iron dragon zombies
  15 orb spiders
  A shadow dragon skeleton (Coc:7)
  3 stone giant zombies
  2 lindwurms (Volcano)
  20 orc knights
  3 wolf spider zombies
  56 deep elf magi
  A faun (shapeshifter) (Vaults:5)
  3 oklob plants
  26 wolf spiders
  8 frost giant zombies
  42 ugly things
  A sphinx skeleton (Crypt:3)
  4 fire giant zombies
  5 orc sorcerers (Orc:2)
  7 shining eyes
  2 moths of wrath
  7 cyclopes
  2 salamanders (Zig:10)
  A manticore (D:15)
  3 stone giant skeletons
  11 black mambas
  2 shock serpent zombies
  12 elephants
  4 guardian serpents (shapeshifter)
  A fire giant skeleton (Depths:1)
  A black mamba (shapeshifter) (Depths:4)
  2 worldbinders
  An elephant (shapeshifter) (Zig:11)
  5 ice statues
  2 frost giant skeletons
  A water nymph (shapeshifter) (Depths:3)
  3 iron dragon skeletons (Coc:7)
  8 molten gargoyles
  4 dire elephant zombies
  4 eyes of devastation
  2 naga magi (Zig:10)
  2 guardian serpents (Zig:8)
  Psyche (D:10)
  21 vault sentinels
  16 rust devils
  4 human skeletons
  7 orange demons
  3 torpor snails
  3 smoke demons
  A catoblepas zombie (Geh:7)
  A gargoyle (D:14)
  Joseph (D:8)
  21 spiny frogs
  An emperor scorpion zombie (Dis:7)
  A rime drake (IceCv)
  A rime drake (shapeshifter) (Vaults:3)
  A dire elephant skeleton (Geh:7)
  22 hellions
  A purple draconian zombie (Crypt:2)
  4 efreet
  27 freezing wraiths
  9 komodo dragons
  4 hellwings
  A swamp worm zombie (Crypt:1)
  22 tormentors
  18 demonic crawlers
  53 ice devils
  An iron troll zombie (Crypt:1)
  49 yaktaurs
  A yaktaur (shapeshifter) (Vaults:1)
  A redback zombie (D:14)
  13 guardian mummies
  3 harpy zombies
  2 anaconda simulacra (Coc:7)
  8 hydra zombies
  3 tengu conjurers (Depths:1)
  8 trolls
  3 meliai (Spider:3)
  25 jumping spiders
  2 jumping spiders (shapeshifter)
  A polar bear (shapeshifter) (D:15)
  16 red devils
  A wolf spider simulacrum (Coc:7)
  A shadow dragon simulacrum (Crypt:3)
  A tengu simulacrum (Vaults:3)
  6 ancient zymes
  10 tyrant leeches
  16 polar bears
  2 alligator zombies
  A hydra skeleton (Hell)
  A slime creature (shapeshifter) (Depths:2)
  Grinder (D:3)
  9 raiju (Abyss:3)
  A stone giant simulacrum (Vaults:3)
  6 fire dragon zombies
  124 slime creatures
  9 dream sheep (Lair:6)
  27 hornets
  4 ettin zombies
  9 hippogriffs
  2 tarantella zombies (Crypt:1)
  2 dream sheep (shapeshifter)
  2 hippogriffs (shapeshifter)
  6 bog bodies
  10 blink frogs
  An iron dragon simulacrum (Coc:7)
  A satyr zombie (Crypt:1)
  7 fire dragon skeletons
  3 black mamba zombies
  3 air elementals
  2 ice dragon zombies
  3 ettin skeletons
  72 redbacks
  A redback (shapeshifter) (Zig:6)
  2 alligator skeletons
  39 flying skulls
  26 tarantellas
  7 starcursed masses (Abyss:3)
  10 shadows
  15 water elementals
  4 vampires
  19 fire elementals
  6 ice dragon skeletons
  45 yaks
  3 wyverns
  A golden eye (shapeshifter) (Vaults:2)
  17 wraiths
  3 basilisks
  A black mamba skeleton (Coc:5)
  8 fire bats
  An elf skeleton (Depths:4)
  10 golden eyes
  3 chaos spawn
  A hog (Spider:1)
  5 hungry ghosts
  15 vampire mosquitoes
  5 neqoxecs
  5 wargs
  13 insubstantial wisps
  11 small abominations
  Menkaure (D:14)
  5 spatial vortices
  An infernal demonspawn zombie (Crypt:1)
  16 swamp worms
  A monstrous demonspawn zombie (Geh:7)
  2 nagas
  A soldier ant (shapeshifter) (Vaults:4)
  4 acid dragons
  8 water moccasins
  2 spiny frog zombies
  A floating eye (shapeshifter) (Zig:11)
  37 hell hounds
  A hydra simulacrum (Coc:7)
  4 porcupines
  3 floating eyes
  4 soldier ants
  2 spiny frog skeletons
  12 ice beasts
  2 sky beasts
  An ettin simulacrum (Crypt:1)
  27 orc warriors
  2 black bears (shapeshifter)
  2 eyes of draining (shapeshifter)
  41 ogres
  19 swamp drakes
  3 black bears
  3 eyes of draining
  3 phantoms
  19 boggarts
  2 manticore zombies (Dis:7)
  An alligator simulacrum (Hell)
  8 necrophages
  2 snapping turtle zombies
  2 swamp dragon zombies
  2 tengu (shapeshifter)
  4 snapping turtle skeletons
  34 wolves
  10 centaurs
  11 crocodiles
  A big kobold (D:14)
  A hog skeleton (Crypt:3)
  A swamp dragon skeleton (Coc:7)
  An elf zombie (Crypt:3)
  18 bullfrogs
  A wyvern zombie (D:14)
  6 earth elementals
  2 glowing shapeshifter simulacra
  A yaktaur skeleton (Crypt:1)
  2 human simulacra
  A yak zombie (Crypt:3)
  5 scorpions
  5 killer bees (D:10)
  3 troll zombies
  A snapping turtle simulacrum (Crypt:1)
  An electric eel (Spider:2)
  A spriggan skeleton (Coc:7)
  39 wights
  3 howler monkeys
  4 centaur zombies
  A bullfrog zombie (D:11)
  A wolf skeleton (Crypt:2)
  16 crimson imps
  7 hounds
  4 human zombies
  24 orc wizards
  A centaur skeleton (Crypt:2)
  A quasit (D:7)
  A soldier ant zombie (Crypt:3)
  A demonspawn zombie (Crypt:2)
  14 orc priests
  4 jellies
  A bullfrog skeleton (D:8)
  3 iguanas
  11 iron imps
  Jessica (D:2)
  27 worker ants
  A killer bee zombie (D:10)
  2 tengu zombies
  An acid dragon skeleton (Crypt:3)
  2 tengu skeletons
  A demigod skeleton (Crypt:1)
  6 mummies
  2 worker ant zombies
  3 gnolls (D:2)
  19 adders
  20 shadow imps
  18 white imps (Coc:7)
  3 adder zombies (D:7)
  An adder skeleton (D:4)
  A barachi skeleton (Crypt:1)
  5 dart slugs (D:1)
  4 leopard geckos
  86 orcs
  9 giant cockroaches
  8 goblins
  6 hobgoblins
  7 jackals
  5 quokkas
  9 bats
  A dart slug zombie (Crypt:2)
  A frilled lizard (D:1)
  A goblin skeleton (Crypt:1)
  A hobgoblin skeleton (Crypt:2)
  9 kobolds
  A kobold zombie (Geh:7)
  A leopard gecko skeleton (D:5)
  2 orc skeletons
  A quokka skeleton (Crypt:3)
  A quokka zombie (D:7)
  7 rats
  A river rat zombie (Crypt:3)
  7 crawling corpses
  7 fire vortices
  7 fungi
  2 lurking horrors (Abyss:4)
  3 plants
  4 starspawn tentacles (Abyss:3)
3531 creatures vanquished.

Vanquished Creatures (collateral kills)
  Louise (D:15)
  A reaper (Coc:7)
  A glowing orange brain (D:15)
  A cyclops (D:15)
  A troll (Orc:2)
  2 slime creatures (D:15)
  2 water elementals (Coc:7)
  A hell hound (Orc:2)
  2 orc warriors (Orc:2)
  An orc priest (Orc:2)
  An orc wizard (Orc:2)
  3 orcs
  A fire vortex (Volcano)
18 creatures vanquished.

Vanquished Creatures (others)
  An elemental wellspring (Coc:7)
  A deep elf demonologist (Zig:15)
  2 hydras (Zig:13)
  An alligator (Zig:13)
  A hell hog (Geh:7)
  A vampire mage (Depths:3)
  A torturous demonspawn (Zig:15)
  An iron dragon zombie (Geh:7)
  A wolf spider (Vaults:3)
  3 hellions
  2 hornets
  2 tyrant leeches (Zig:13)
  A polar bear (IceCv)
  A black mamba zombie (Geh:7)
  2 spriggans
  4 humans (Spider:1)
  3 swamp drakes
  A hell hound (Orc:2)
  An ogre (Vaults:5)
  A boggart (D:15)
  A crimson imp (Geh:7)
  2 fire vortices (Volcano)
  A fungus (Lair:4)
  A pillar of salt (Abyss:4)
  2 starspawn tentacles (Abyss:3)
38 creatures vanquished.

Grand Total: 3587 creatures vanquished

Notes
Turn   | Place    | Note
-------+----------+-------------------------------------------
     0 | D:1      | Kondrat the Formicid Fighter began the quest for the Orb.
     0 | D:1      | Reached XP level 1. HP: 18/18 MP: 1/1
    40 | D:1      | Reached XP level 2. HP: 25/25 MP: 2/2
    43 | D:1      | You fall through a shaft!
    64 | D:2      | Noticed Jessica
    68 | D:2      | Reached XP level 3. HP: 21/31 MP: 3/3
   246 | D:2      | Killed Jessica
   246 | D:2      | Reached skill level 5 in Fighting
   246 | D:2      | Reached XP level 4. HP: 38/39 MP: 4/4
   391 | D:2      | Found a radiant altar of Vehumet.
   943 | D:2      | Reached XP level 5. HP: 46/46 MP: 5/5
  1842 | D:3      | Found a white marble altar of Elyvilon.
  1860 | D:3      | Noticed Grinder
  1877 | D:3      | Killed Grinder
  1877 | D:3      | Reached XP level 6. HP: 33/52 MP: 6/6
  2039 | D:3      | Reached XP level 7. HP: 58/58 MP: 7/7
  2882 | D:4      | Reached skill level 5 in Shields
  3348 | D:5      | Entered Level 5 of the Dungeon
  3364 | D:5      | Found Bacaes's Book Shop.
  4050 | D:6      | Reached XP level 8. HP: 55/64 MP: 8/8
  4144 | D:6      | Found a staircase to the Ecumenical Temple.
  4164 | Temple   | Entered the Ecumenical Temple
  4372 | Temple   | Became a worshipper of Warmaster Okawaru
  4894 | D:7      | Reached * piety under Okawaru
  5056 | D:7      | Reached XP level 9. HP: 68/73 MP: 9/9
  5764 | D:8      | Reached ** piety under Okawaru
  5765 | D:8      | Noticed a cyan ugly thing
  5766 | D:8      | Noticed a troll
  5766 | D:8      | Noticed an eight-headed hydra
  5778 | D:8      | Noticed a centaur warrior
  5779 | D:8      | Noticed a centaur warrior
  5806 | D:8      | Noticed a hornet
  5813 | D:8      | Killed a hornet
  5844 | D:8      | Reached skill level 10 in Fighting
  6004 | D:8      | Found a blossoming altar of Fedhas.
  6004 | D:8      | Noticed Joseph
  6027 | D:8      | Killed Joseph
  6419 | D:8      | Reached *** piety under Okawaru
  6419 | D:8      | Reached XP level 10. HP: 80/85 MP: 10/10
  6421 | D:8      | Noticed Erica
  6447 | D:8      | Killed Erica
  6802 | D:9      | Noticed a two-headed ogre
  6809 | D:9      | Killed a two-headed ogre
  6809 | D:9      | Reached skill level 10 in Armour
  6993 | D:9      | Reached skill level 1 in Axes
  7004 | D:9      | Found a staircase to the Lair.
  7119 | D:9      | Reached **** piety under Okawaru
  7519 | D:9      | Paralysed by fainting for 6 turns
  7771 | D:10     | Entered Level 10 of the Dungeon
  7878 | D:10     | Noticed an orange demon
  7878 | D:10     | Noticed an orange demon
  7904 | D:9      | Killed an orange demon
  7904 | D:9      | Reached skill level 5 in Axes
  7904 | D:9      | Reached XP level 11. HP: 86/90 MP: 11/11
  8361 | D:10     | Reached ***** piety under Okawaru
  8565 | D:10     | Received a gift from Okawaru
  8577 | D:10     | Noticed a two-headed ogre
  8588 | D:10     | You fall through a shaft for 3 floors!
  8705 | D:13     | Noticed Josephine
  8707 | D:13     | Noticed a five-headed hydra
  8741 | D:13     | Killed Josephine
  8750 | D:13     | Killed a one-headed hydra
  9040 | D:13     | Found a blossoming altar of Fedhas.
  9184 | D:12     | Found Ryeneyja's General Store.
  9190 | D:12     | Noticed a death knight
  9307 | D:12     | Noticed a phantasmal warrior
  9318 | D:13     | Killed a death knight
  9318 | D:13     | Reached skill level 10 in Axes
  9606 | D:12     | Killed a phantasmal warrior
  9606 | D:12     | Reached XP level 12. HP: 57/97 MP: 11/15
  9764 | D:12     | Noticed a two-headed ogre
  9775 | D:12     | Killed a two-headed ogre
  9775 | D:12     | Reached skill level 5 in Invocations
  9819 | D:12     | Bought a ration for 60 gold pieces
 10189 | D:11     | Noticed a queen ant
 10199 | D:11     | Killed a queen ant
 10199 | D:11     | Received a gift from Okawaru
 10242 | D:11     | Noticed Erolcha
 10251 | D:11     | Killed Erolcha
 10442 | D:11     | Noticed a two-headed ogre
 10565 | D:11     | Noticed a two-headed ogre
 10573 | D:11     | Killed a two-headed ogre
 10625 | D:11     | Found a staircase to the Orcish Mines.
 10663 | D:11     | Killed a two-headed ogre
 10870 | D:11     | Noticed an unseen horror
 10884 | D:11     | Killed an unseen horror
 10884 | D:11     | Reached ****** piety under Okawaru
 10884 | D:11     | Received a gift from Okawaru
 10885 | D:11     | Got a distressingly furry shield {god gift}
 10896 | D:11     | Identified the +0 shield of Jyopsor {rF- Str+2 Dex+2}
                  | (Okawaru gifted it to you on level 11 of the Dungeon)
 10971 | D:10     | Reached XP level 13. HP: 81/103 MP: 19/19
 11059 | D:10     | Noticed Psyche
 11143 | D:10     | Killed Psyche
 11598 | D:10     | Noticed Fannar
 11618 | D:10     | Killed Fannar
 12579 | D:12     | Noticed a centaur warrior
 12590 | D:12     | Killed a centaur warrior
 12701 | D:13     | Noticed a yaktaur captain
 12728 | D:13     | Killed a yaktaur captain
 12945 | D:13     | Found a gate to the Vaults.
 13450 | D:14     | Reached skill level 15 in Axes
 13529 | D:14     | Found a runed translucent door.
 13530 | D:14     | Noticed Uummannaq's ghost (journeyman MiFi)
 13575 | D:14     | Killed Uummannaq's ghost
 13575 | D:14     | Received a gift from Okawaru
 13884 | D:14     | Reached XP level 14. HP: 110/110 MP: 20/20
 15451 | D:14     | Found the amulet of Vitality {Regen+ HP+15}
 15499 | D:14     | Noticed Menkaure
 15502 | D:14     | Killed Menkaure
 15636 | D:15     | Entered Level 15 of the Dungeon
 15913 | D:15     | Received a gift from Okawaru
 16443 | D:15     | Noticed Louise
 16453 | D:15     | Killed Louise
 17004 | D:15     | Found a staircase to the Depths.
 17162 | Orc:1    | Entered Level 1 of the Orcish Mines
 17384 | Orc:1    | Found Fuibluitz's Distillery.
 17418 | Orc:1    | Reached XP level 15. HP: 112/112 MP: 21/21
 17706 | Orc:1    | Found a runed translucent gate.
 17706 | Orc:1    | Found a runed translucent gate.
 17706 | Orc:1    | Found a runed translucent gate.
 17706 | Orc:1    | Found an iron altar of Okawaru.
 17706 | Orc:1    | Noticed prawnwizard's ghost (journeyman MfMo)
 17707 | Orc:1    | Found the +8 lance "Wyrmbane" {slay drac, rPois rF+ rC+
                  | AC+3}
 17728 | Orc:1    | Received a gift from Okawaru
 17746 | Orc:1    | Killed prawnwizard's ghost
 17844 | Orc:2    | Entered Level 2 of the Orcish Mines
 17979 | Orc:2    | Found Asut's Weapon Boutique.
 18018 | Orc:2    | Found a staircase to the Elven Halls.
 18042 | Orc:2    | Noticed Azrael
 18055 | Orc:2    | Killed Azrael
 18088 | Orc:2    | Found a dark tunnel.
 18099 | Volcano  | Entered a volcano
 19002 | Orc:2    | Found Ipsumiw's Armour Emporium.
 19054 | Orc:2    | Noticed Urug
 19125 | Orc:2    | Killed Urug
 19367 | Orc:2    | Found Ybanof's Assorted Antiques.
 19371 | Orc:2    | Found Ukugurai's Book Boutique.
 19377 | Orc:2    | Found Quydari's Distillery.
 19391 | Orc:2    | Bought a potion of curing for 54 gold pieces
 19391 | Orc:2    | Bought a potion of might for 72 gold pieces
 19391 | Orc:2    | Bought a potion of agility for 72 gold pieces
 19391 | Orc:2    | Bought a potion of heal wounds for 90 gold pieces
 19391 | Orc:2    | Bought a potion of heal wounds for 90 gold pieces
 19416 | Orc:2    | Bought a potion of heal wounds for 155 gold pieces
 19441 | Orc:2    | Bought a steaming chain mail for 294 gold pieces
 19451 | Orc:2    | Identified the +6 chain mail of the Boiling Point {+Inv rN+
                  | Stlth+} (You bought it in a shop on level 2 of the Orcish
                  | Mines)
 19529 | Orc:2    | Gained mutation: You are clumsy. (Dex -2) [a neqoxec]
 19537 | Orc:2    | Received a gift from Okawaru
 19538 | Orc:2    | Got a distressingly furry chain mail {god gift}
 19553 | Orc:2    | Identified the +1 chain mail of Fiutugh {rElec rC+ Int+4
                  | Dex-4} (Okawaru gifted it to you on level 2 of the Orcish
                  | Mines)
 19606 | Orc:1    | Bought a potion of curing for 36 gold pieces
 19606 | Orc:1    | Bought a potion of cancellation for 96 gold pieces
 19606 | Orc:1    | Bought a potion of heal wounds for 60 gold pieces
 19606 | Orc:1    | Bought 2 potions of curing for 72 gold pieces
 19606 | Orc:1    | Bought a potion of mutation for 96 gold pieces
 19606 | Orc:1    | Bought a potion of might for 48 gold pieces
 19699 | Lair:1   | Entered Level 1 of the Lair of Beasts
 20424 | Lair:2   | Found a frozen archway.
 20449 | IceCv    | Entered an ice cave
 20760 | IceCv    | Reached XP level 16. HP: 110/119 MP: 22/22
 20764 | IceCv    | Reached XP level 17. HP: 118/125 MP: 23/23
 20951 | IceCv    | HP: 1/140 [frost giant/bolt of cold (22)]
 22402 | Lair:2   | You fall through a shaft!
 22402 | Lair:3   | Found a staircase to the Swamp.
 23553 | Lair:3   | Noticed Gastronok
 23563 | Lair:3   | Killed Gastronok
 24320 | Lair:4   | Found a hole to the Spider Nest.
 24386 | Lair:4   | Noticed Rupert
 24402 | Lair:4   | Killed Rupert
 24402 | Lair:4   | Received a gift from Okawaru
 24403 | Lair:4   | Got a warped hand axe {god gift}
 24407 | Lair:4   | Identified the +2 hand axe of Valuable Assets {flame,
                  | Int+3} (Okawaru gifted it to you on level 4 of the Lair of
                  | Beasts)
 24416 | Lair:4   | Got a sparkling lead ring
 24418 | Lair:4   | Identified the ring "Zeret" {rElec Dex+3 SInv Stlth-} (You
                  | found it on level 4 of the Lair of Beasts)
 24706 | Lair:4   | Reached skill level 15 in Armour
 25178 | Lair:5   | Found an ancient bone altar of Kikubaaqudgha.
 25296 | Lair:5   | Found a staircase to the Slime Pits.
 25911 | Lair:6   | Entered Level 6 of the Lair of Beasts
 26603 | Lair:6   | Found the +6 Majin-Bo {vamp, Archmagi MP+6 Int+6}
 26610 | Lair:6   | Got a bloodstained chain mail
 26636 | Lair:6   | Identified the +4 chain mail "Detamozo" {*Drain MR+ Slay+3}
                  | (You found it on level 6 of the Lair of Beasts)
 26689 | Lair:6   | Reached XP level 18. HP: 134/134 MP: 24/24
 26810 | Swamp:1  | Entered Level 1 of the Swamp
 26845 | Swamp:1  | Received a gift from Okawaru
 29066 | Swamp:3  | Noticed Nikola
 29095 | Swamp:3  | Killed Nikola
 29443 | Swamp:3  | Received a gift from Okawaru
 29499 | Swamp:4  | Entered Level 4 of the Swamp
 29734 | Swamp:4  | Noticed a tentacled monstrosity
 29759 | Swamp:4  | Killed a tentacled monstrosity
 30031 | Swamp:4  | Reached XP level 19. HP: 92/140 MP: 18/25
 30394 | Swamp:4  | Got a decaying rune of Zot
 30594 | Swamp:4  | Received a gift from Okawaru
 31038 | Spider:1 | Entered Level 1 of the Spider Nest
 31473 | Spider:1 | Noticed Kirke
 31481 | Spider:1 | Killed Kirke
 33270 | Spider:3 | Noticed Agnes
 33281 | Spider:3 | Killed Agnes
 33670 | Spider:3 | Noticed Arachne
 33770 | Spider:3 | Killed Arachne
 33770 | Spider:3 | Received a gift from Okawaru
 33770 | Spider:3 | Reached skill level 15 in Fighting
 33984 | Spider:4 | Entered Level 4 of the Spider Nest
 34053 | Spider:4 | Reached XP level 20. HP: 162/162 MP: 26/26
 35166 | Spider:4 | Got a gossamer rune of Zot
 35691 | Spider:4 | Found a runed translucent door.
 35691 | Spider:4 | Noticed P0WERM0DE's ghost (journeyman DDFi)
 35821 | Spider:4 | Killed P0WERM0DE's ghost
 35923 | Spider:4 | Identified a +0 pair of boots of running (You found it on
                  | level 4 of the Spider Nest)
 36151 | Vaults:1 | Entered Level 1 of the Vaults
 37028 | Vaults:1 | Received a gift from Okawaru
 37559 | Vaults:1 | Reached XP level 21. HP: 179/179 MP: 27/27
 38495 | Vaults:2 | Found a runed translucent door.
 38495 | Vaults:2 | Noticed guttsta's ghost (adept MiBe)
 38557 | Vaults:2 | Killed guttsta's ghost
 38557 | Vaults:2 | Received a gift from Okawaru
 38777 | Vaults:2 | Noticed Boris
 38801 | Vaults:2 | Killed Boris
 38875 | Vaults:2 | Reached skill level 10 in Shields
 38881 | Vaults:2 | Received a gift from Okawaru
 39279 | Vaults:2 | Found a staircase to the Crypt.
 39962 | Vaults:2 | Received a gift from Okawaru
 39963 | Vaults:2 | Found the +3 pair of gauntlets of War {Slay+5}
 40283 | Vaults:3 | Reached XP level 22. HP: 154/190 MP: 28/28
 40449 | Vaults:3 | Noticed Boris
 40466 | Vaults:3 | Killed Boris
 40734 | Vaults:3 | Reached skill level 15 in Shields
 40874 | Vaults:3 | Found Assat's Antique Weapon Emporium.
 41453 | Vaults:3 | Received a gift from Okawaru
 42503 | Vaults:4 | Reached XP level 23. HP: 196/196 MP: 29/29
 43083 | Vaults:4 | Found a runed translucent gate.
 43084 | Vaults:4 | Found a runed translucent gate.
 43084 | Vaults:4 | Found a runed translucent gate.
 43479 | Vaults:4 | Noticed howech's ghost (veteran MiGl)
 43479 | Vaults:4 | Noticed TPoD's ghost (adept HOMo)
 43584 | Vaults:4 | Killed howech's ghost
 43605 | Vaults:4 | Killed TPoD's ghost
 43813 | Vaults:5 | Entered Level 5 of the Vaults
 43818 | Vaults:5 | Noticed a golden dragon
 43821 | Vaults:4 | Received a gift from Okawaru
 44041 | Vaults:4 | Killed a golden dragon
 44388 | Vaults:5 | Received a gift from Okawaru
 44388 | Vaults:5 | Reached XP level 24. HP: 188/204 MP: 23/29
 45001 | Vaults:5 | Received a gift from Okawaru
 45084 | Vaults:5 | Noticed Mara
 45115 | Vaults:5 | Noticed Kondrat's illusion
 45119 | Vaults:5 | Killed Mara
 45283 | Vaults:5 | Identified the Handbook of Lucky Contamination
 45285 | Vaults:5 | Identified Gezuako's Handbook of Gliding Earth
 45472 | Vaults:5 | Found Geutosel's Book Shop.
 45615 | Vaults:5 | Got a silver rune of Zot
 45688 | Vaults:5 | Noticed Saint Roka
 45705 | Vaults:5 | Killed Saint Roka
 45999 | Vaults:5 | Identified the +1 halberd of Hewneagom {venom, rC- MR++}
 45999 | Vaults:5 | Identified the ring "Qeghuyrch" {rF+ EV+2}
 46426 | Depths:1 | Entered Level 1 of the Depths
 46444 | Depths:1 | Reached XP level 25. HP: 183/210 MP: 29/29
 46455 | Depths:1 | Found a one-way gate to the infinite horrors of the Abyss.
 46461 | Depths:1 | Noticed Boris
 46476 | Depths:1 | Killed Boris
 46476 | Depths:1 | Received a gift from Okawaru
 46849 | Temple   | Fell from the grace of Okawaru
 46849 | Temple   | Became a worshipper of Zin the Law-Giver
 46849 | Temple   | Reached * piety under Zin
 46849 | Temple   | Reached ** piety under Zin
 47134 | Depths:1 | Reached *** piety under Zin
 47701 | Depths:1 | Found a gateway to Hell.
 48061 | Depths:1 | Reached **** piety under Zin
 48473 | Depths:1 | Found a portal to a secret trove of treasure.
 49022 | Depths:2 | Found a shattered altar of Ashenzari.
 49038 | Depths:2 | Noticed Boris
 49059 | Depths:2 | Killed Boris
 49938 | Depths:2 | Reached ***** piety under Zin
 50373 | Depths:3 | Found a one-way gate leading to the halls of Pandemonium.
 50656 | Depths:3 | Was forgiven by Okawaru
 50829 | Depths:3 | Found a gateway to a ziggurat.
 51173 | Depths:4 | Reached XP level 26. HP: 206/214 MP: 29/29
 51337 | Depths:4 | Found a radiant altar of Vehumet.
 51337 | Depths:4 | Found a sparkling altar of Nemelex Xobeh.
 51338 | Depths:4 | Found a snail-covered altar of Cheibriados.
 51492 | Depths:4 | Noticed a juggernaut
 51513 | Depths:4 | Killed a juggernaut
 52339 | Depths:4 | Reached ****** piety under Zin
 52769 | Depths:4 | Reached XP level 27. HP: 183/220 MP: 29/29
 53165 | Depths:5 | Entered Level 5 of the Depths
 53827 | Depths:5 | Noticed a juggernaut
 53847 | Depths:5 | Killed a juggernaut
 54289 | Depths:5 | Found a gate to the Realm of Zot.
 55307 | Slime:1  | Entered Level 1 of the Pits of Slime
 55999 | Slime:5  | Entered Level 5 of the Pits of Slime
 56593 | Slime:5  | Noticed the Royal Jelly
 56899 | Slime:5  | Killed the Royal Jelly
 57017 | Slime:5  | Got a slimy rune of Zot
 57041 | Slime:5  | Got a shimmering cloak
 57080 | Slime:5  | Identified the cursed -2 cloak "Vaucvawe" {+Blink rElec rF+
                  | MR+} (You found it on level 5 of the Pits of Slime)
 57136 | Slime:5  | Got a scorched emerald amulet
 57152 | Slime:5  | Identified the amulet of Fuxzaokh {Reflect rPois Dex+6
                  | Slay-5 SH+2} (You found it on level 5 of the Pits of Slime)
 58033 | Depths:1 | Voluntarily entered the Abyss.
 58057 | Abyss:1  | Found a corrupted altar of Lugonu.
 58108 | Abyss:3  | Found an opulent altar of Gozag.
 58708 | Abyss:4  | Got an abyssal rune of Zot
 58913 | Depths:1 | Escaped the Abyss
 59163 | Temple   | Fell from the grace of Zin
 59163 | Temple   | Became a worshipper of the Shining One
 59163 | Temple   | Reached * piety under the Shining One
 59163 | Temple   | Reached ** piety under the Shining One
 59163 | Temple   | Reached *** piety under the Shining One
 59163 | Temple   | Reached **** piety under the Shining One
 59404 | Crypt:1  | Entered Level 1 of the Crypt
 59448 | Crypt:1  | Reached ***** piety under the Shining One
 59665 | Crypt:1  | Reached ****** piety under the Shining One
 59965 | Crypt:2  | Noticed Boris
 59983 | Crypt:2  | Killed Boris
 60017 | Crypt:1  | Identified a +7 executioner's axe of holy wrath (a +5
                  | executioner's axe of electrocution blessed by the Shining
                  | One)
 60017 | Crypt:1  | Received a gift from the Shining One
 60323 | Hell     | Entered the Vestibule of Hell
 60323 | Hell     | Noticed Geryon
 60367 | Hell     | Killed Geryon
 60435 | Hell     | Found a gateway to the Iron City of Dis.
 60539 | Hell     | Found a gateway to the decaying netherworld of Tartarus.
 60604 | Hell     | Found a gateway to the freezing wastes of Cocytus.
 60606 | Hell     | Gained mutation: You are very clumsy. (Dex -4) [a
                  | cacodemon]
 60607 | Hell     | Gained mutation: You are frail. (-10% HP) [a cacodemon]
 60646 | Hell     | Lost mutation: You are very clumsy. (Dex -4) [potion of
                  | mutation]
 60646 | Hell     | Lost mutation: You are frail. (-10% HP) [potion of
                  | mutation]
 60646 | Hell     | Lost mutation: You are clumsy. (Dex -2) [potion of
                  | mutation]
 60646 | Hell     | Gained mutation: Your system is resistant to poisons.
                  | (rPois) [potion of mutation]
 60646 | Hell     | Gained mutation: Your flesh is cold resistant. (rC+)
                  | [potion of mutation]
 60646 | Hell     | Gained mutation: You are agile. (Dex +2) [potion of
                  | mutation]
 60646 | Hell     | Gained mutation: You expend magic power (3 MP) to
                  | strengthen your wands. [potion of mutation]
 60661 | Coc:1    | Entered Level 1 of Cocytus
 60665 | Coc:1    | You fall through a shaft!
 60668 | Coc:2    | You fall through a shaft!
 60671 | Coc:3    | You fall through a shaft!
 60674 | Coc:4    | You fall through a shaft!
 60702 | Coc:5    | You fall through a shaft!
 60705 | Coc:6    | You fall through a shaft!
 60705 | Coc:7    | Entered Level 7 of Cocytus
 60877 | Coc:7    | Noticed a shard shrike
 60880 | Coc:7    | Noticed a shard shrike
 60892 | Coc:7    | Killed a shard shrike
 60895 | Coc:7    | Killed a shard shrike
 61242 | Coc:7    | Noticed a shard shrike
 61245 | Coc:7    | Killed a shard shrike
 61349 | Coc:7    | Noticed a shard shrike
 61352 | Coc:7    | Killed a shard shrike
 61557 | Coc:7    | Identified the ring of Benevolence {rPois Int+6 Dex+3}
 61557 | Coc:7    | Noticed Antaeus
 61579 | Coc:7    | Killed Antaeus
 61750 | Coc:7    | Got an icy rune of Zot
 61866 | Coc:7    | Noticed a shard shrike
 61869 | Coc:7    | Killed a shard shrike
 62008 | Coc:7    | Noticed a shard shrike
 62013 | Coc:7    | Killed a shard shrike
 62193 | Coc:7    | Got a steaming bronze ring
 62197 | Coc:7    | Identified the ring "Qaeweff" {rF+ rC+ rN+ Str+4 Dex+4}
                  | (You found it on level 7 of Cocytus)
 62221 | Coc:7    | Noticed a shard shrike
 62226 | Coc:7    | Killed a shard shrike
 62538 | Coc:7    | Noticed a shard shrike
 62546 | Coc:7    | Killed a shard shrike
 62561 | Coc:7    | Noticed a shard shrike
 62568 | Coc:7    | Killed a shard shrike
 62602 | Coc:7    | Noticed a shard shrike
 62607 | Coc:7    | Killed a shard shrike
 62765 | Coc:7    | Noticed a shard shrike
 62791 | Coc:7    | Killed a shard shrike
 63115 | Hell     | Found a gateway to the ashen valley of Gehenna.
 63138 | Geh:1    | Entered Level 1 of Gehenna
 63151 | Geh:1    | You fall through a shaft!
 63154 | Geh:2    | You fall through a shaft for 2 floors!
 63160 | Geh:4    | You fall through a shaft for 2 floors!
 63163 | Geh:6    | You fall through a shaft!
 63163 | Geh:7    | Entered Level 7 of Gehenna
 63732 | Geh:7    | Noticed the Serpent of Hell
 63748 | Geh:7    | Killed the Serpent of Hell
 63993 | Geh:7    | Identified the +8 scimitar of Intimidation {chaos, rF+ MP-9
                  | Dex+4}
 64175 | Geh:7    | Identified the +7 sceptre of Asmodeus
 64175 | Geh:7    | Noticed Asmodeus
 64179 | Geh:7    | Gained mutation: Your magical capacity is low. (-10% MP)
                  | [mutagenic glow]
 64198 | Geh:7    | Killed Asmodeus
 64233 | Geh:7    | Got an obsidian rune of Zot
 64255 | Geh:7    | Gained mutation: You are dopey. (Int -2) [mutagenic glow]
 64706 | Tar:1    | Entered Level 1 of Tartarus
 64749 | Tar:1    | You fall through a shaft!
 64752 | Tar:2    | You fall through a shaft for 2 floors!
 64755 | Tar:4    | You fall through a shaft!
 64758 | Tar:5    | You fall through a shaft!
 64761 | Tar:6    | You fall through a shaft!
 64761 | Tar:7    | Entered Level 7 of Tartarus
 64793 | Tar:7    | Found the +3 hat of Pondering {ponderous, MR+ MP+10 Int+5}
 64966 | Tar:7    | Noticed Ereshkigal
 64985 | Tar:7    | Killed Ereshkigal
 65183 | Tar:7    | Got a bone rune of Zot
 65499 | Tar:7    | Reached skill level 1 in Dodging
 65967 | Tar:7    | Reached skill level 5 in Dodging
 66172 | Tar:7    | Gained mutation: You are weak. (Str -2) [mutagenic glow]
 66248 | Tar:7    | Gained mutation: Your magical capacity is very low. (-20%
                  | MP) [mutagenic glow]
 66687 | Tar:7    | Reached skill level 10 in Dodging
 67122 | Dis:1    | Entered Level 1 of the Iron City of Dis
 67284 | Dis:1    | You fall through a shaft!
 67393 | Dis:2    | You fall through a shaft!
 67406 | Dis:3    | You fall through a shaft for 3 floors!
 67409 | Dis:6    | You fall through a shaft!
 67409 | Dis:7    | Entered Level 7 of the Iron City of Dis
 68630 | Dis:7    | Reached skill level 15 in Dodging
 68651 | Dis:7    | HP: 12/245 [Hell Sentinel/iron shot (80)]
 68657 | Dis:7    | HP: 10/245 [Hell Sentinel/damnation (34)]
 69237 | Dis:7    | Identified the +4 staff of Dispater
 69237 | Dis:7    | Noticed Dispater
 69267 | Dis:7    | Killed Dispater
 69331 | Dis:7    | Got an iron rune of Zot
 69333 | Dis:7    | Got a pitted marble ring
 69955 | Temple   | Identified the ring "Hiluk" {rElec Str+4 SInv} (You found
                  | it on level 7 of the Iron City of Dis)
 69957 | Temple   | Fell from the grace of the Shining One
 69957 | Temple   | Became a worshipper of Makhleb the Destroyer
 70134 | Elf:1    | Entered Level 1 of the Elven Halls
 70302 | Elf:1    | Lost mutation: You are agile. (Dex +2) [the wrath of Zin]
 70302 | Elf:1    | Lost mutation: You expend magic power (3 MP) to strengthen
                  | your wands. [the wrath of Zin]
 70302 | Elf:1    | Lost mutation: Your flesh is cold resistant. (rC+) [the
                  | wrath of Zin]
 70302 | Elf:1    | Lost mutation: Your system is resistant to poisons. (rPois)
                  | [the wrath of Zin]
 70490 | Elf:1    | Reached * piety under Makhleb
 70693 | Elf:1    | Found a runed translucent door.
 70694 | Elf:1    | Noticed iamserjio's ghost (adept DgTm)
 70743 | Elf:1    | Killed iamserjio's ghost
 70747 | Elf:1    | Got a translucent brass ring
 70749 | Elf:1    | Identified the ring "Bietic" {+Fly MR+ Str+4 Slay+3} (You
                  | found it on level 1 of the Elven Halls)
 71077 | Elf:1    | Learned a level 2 spell: Song of Slaying
 71086 | Elf:1    | Learned a level 8 spell: Necromutation
 71398 | Elf:2    | Gained mutation: [Potions are less effective at restoring
                  | your health.] [a neqoxec]
 71399 | Elf:2    | Gained mutation: Armour fits poorly on your strangely
                  | shaped body. [a neqoxec]
 71510 | Elf:3    | Entered Level 3 of the Elven Halls
 71544 | Elf:3    | Found a radiant altar of Vehumet.
 71610 | Elf:3    | Reached ** piety under Makhleb
 71694 | Elf:3    | Found the ring of Shadows {Umbra +Inv Stlth+}
 71739 | Elf:3    | Got a faintly glowing copper ring
 71741 | Elf:3    | Identified the ring "Silum" {EV+4 Str+4} (You found it on
                  | level 3 of the Elven Halls)
 71848 | Elf:3    | Identified The Second Course in Rites and Rhymes
 71938 | Elf:3    | Found Poybuno's Antique Weapon Boutique.
 72298 | Elf:3    | Found Mose's Weapon Boutique.
 72342 | Elf:3    | Found Huibrop's Weapon Boutique.
 72549 | Elf:3    | Found Una Guli's Jewellery Shoppe.
 73113 | Crypt:3  | Entered Level 3 of the Crypt
 73113 | Crypt:3  | Noticed Sojobo
 73197 | Crypt:3  | Killed Sojobo
 73350 | Crypt:3  | Found a staircase to the Tomb.
 73379 | Crypt:3  | Identified a scroll of acquirement
 73392 | Crypt:3  | Reached *** piety under Makhleb
 73900 | Crypt:3  | Reached **** piety under Makhleb
 73936 | Crypt:3  | Found an ancient bone altar of Kikubaaqudgha.
 73937 | Crypt:3  | Found a basalt altar of Yredelemnul.
 74013 | Crypt:3  | Identified the Grimoire of Sinister Arts
 74776 | Zig:1    | Entered Level 1 of a ziggurat
 74800 | Zig:2    | Entered Level 2 of a ziggurat
 74826 | Zig:3    | Entered Level 3 of a ziggurat
 74874 | Zig:4    | Entered Level 4 of a ziggurat
 74915 | Zig:5    | Entered Level 5 of a ziggurat
 74921 | Zig:5    | Found the +2 ratskin cloak {+Rats rPois rN+ Str-1 Int-1
                  | Dex+1}
 74973 | Zig:6    | Entered Level 6 of a ziggurat
 75015 | Zig:7    | Entered Level 7 of a ziggurat
 75034 | Zig:7    | Reached ***** piety under Makhleb
 75065 | Zig:7    | Identified Abou's Volume of Blistering Combat Magic
 75079 | Zig:8    | Entered Level 8 of a ziggurat
 75093 | Zig:8    | Found the +8 demon trident "Rift" {distort, reach+}
 75139 | Zig:8    | Got a pair of bloodstained gloves
 75140 | Zig:8    | Identified the +1 pair of gloves of Haul {rElec Dex+3
                  | Slay-5 SInv} (You found it on level 8 of a ziggurat)
 75162 | Zig:9    | Entered Level 9 of a ziggurat
 75223 | Zig:10   | Entered Level 10 of a ziggurat
 75406 | Zig:10   | Got a pair of ichor-stained gloves
 75428 | Zig:10   | Identified the +2 pair of gloves of Watchfulness {Str+4}
                  | (You found it on level 10 of a ziggurat)
 75443 | Zig:11   | Entered Level 11 of a ziggurat
 75501 | Zig:11   | Got a twitching lead ring
 75503 | Zig:11   | Identified the ring "Zifrong" {+Blink rC- rN+++ AC+2 Int-4}
                  | (You found it on level 11 of a ziggurat)
 75526 | Zig:12   | Entered Level 12 of a ziggurat
 75556 | Zig:12   | Reached ****** piety under Makhleb
 75601 | Zig:13   | Entered Level 13 of a ziggurat
 75670 | Zig:13   | Got a glittering ruby amulet
 75678 | Zig:13   | Identified the amulet "Diwnap" {Faith +Inv Dex+2} (You
                  | found it on level 13 of a ziggurat)
 75681 | Zig:13   | Got an ancient amber ring
 75683 | Zig:13   | Identified the ring of Ru's Vengeance {Ice rElec Int+2
                  | Dex-3 Stlth+} (You found it on level 13 of a ziggurat)
 75699 | Zig:14   | Entered Level 14 of a ziggurat
 75751 | Zig:14   | Got a serpentine ivory ring
 75753 | Zig:14   | Identified the ring "Didd" {Wiz Int+2} (You found it on
                  | level 14 of a ziggurat)
 75763 | Zig:14   | Got a brightly glowing bone amulet
 75764 | Zig:14   | Identified the amulet "Meotekuf" {Faith -Tele Int+3} (You
                  | found it on level 14 of a ziggurat)
 75779 | Zig:14   | Identified the Papyrus of Earthen Combat Magic
 75814 | Zig:14   | Was forgiven by Zin
 75817 | Zig:15   | Entered Level 15 of a ziggurat
 75819 | Zig:15   | Noticed an ancient lich
 75903 | Zig:15   | Noticed Hudoog the pandemonium lord
 75922 | Zig:15   | Killed Hudoog the pandemonium lord
 76236 | Zig:15   | Found the +5 scythe "Finisher" {speed, eviscerate}
 76290 | Zig:15   | Killed from afar by a Tzitzimitl

Skill      XL: |  1  2  3  4  5  6  7  8  9 10 11 12 13 14 15 16 17 18 19 20 21 22 23 24 25 26 27 |
---------------+----------------------------------------------------------------------------------+-----
Fighting       | 4 5 6 7 10 15 18 20 26 | 26.0
Armour         | 6 8 11 12 16 19 20 21 24 26 | 26.0
Shields        | 4 7 9 13 15 26 | 26.0
Axes           | 5 10 12 15 17 20 21 23 25 26 | 26.0
Invocations    | 4 9 |  9.0
Dodging        | 24 | 24.8
Staves         | |  2.0

Action                   |  1- 3 |  4- 6 |  7- 9 | 10-12 | 13-15 | 16-18 | 19-21 | 22-24 | 25-27 || total
-------------------------+-------+-------+-------+-------+-------+-------+-------+-------+-------++-------
Melee: Quarterstaff      |    30 |   165 |   550 |   331 |       |       |       |       |       ||  1076
       Broad axe         |       |       |       |   252 |   691 |       |       |       |       ||   943
       Battleaxe         |       |       |       |    29 |   376 |  1184 |  1480 |   750 |       ||  3819
       Executioner's axe |       |       |       |       |       |       |       |   111 |  4286 ||  4397
Invok: Heroism           |       |       |     2 |     8 |    12 |     7 |     9 |    11 |     1 ||    50
       Finesse           |       |       |       |     1 |     9 |     6 |     8 |    10 |     1 ||    35
       Recite            |       |       |       |       |       |       |       |       |     2 ||     2
       Divine Shield     |       |       |       |       |       |       |       |       |     6 ||     6
       Summon Divine War |       |       |       |       |       |       |       |       |     2 ||     2
       Brand Weapon With |       |       |       |       |       |       |       |       |     1 ||     1
 Abil: Dig               |     5 |     2 |     7 |     8 |    23 |     4 |     9 |       |    33 ||    91
       Shaft Self        |     1 |       |       |     1 |       |       |       |       |    19 ||    21
       Evoke Flight      |       |       |       |       |     2 |       |       |       |    12 ||    14
Evoke: Wand              |       |       |     2 |    11 |     4 |     2 |       |       |       ||    19
       Sack of spiders   |       |       |       |       |       |       |     1 |     2 |       ||     3
       Fan of gales      |       |       |       |       |       |       |     1 |       |       ||     1
       Lightning rod     |       |       |       |       |       |       |     4 |     1 |       ||     5
  Use: Scroll            |       |       |    14 |       |    12 |     1 |     9 |     7 |    18 ||    61
       Potion            |       |       |       |     1 |       |     3 |     6 |     2 |    27 ||    39
 Stab: Paralysed         |       |       |       |       |     2 |       |       |       |       ||     2
       Distracted        |       |       |       |       |     1 |       |       |     1 |       ||     2
       Petrified         |       |       |       |       |       |     5 |       |       |       ||     5
       Confused          |       |       |       |       |       |     2 |       |       |       ||     2
       Held in net/web   |       |       |       |       |       |       |     2 |       |       ||     2
  Eat: Chunk             |       |     5 |    12 |    12 |    19 |    25 |    29 |    19 |    22 ||   143
       Ration            |       |       |     1 |     4 |     5 |     2 |     2 |       |    27 ||    41
Armor: Scale mail        |    30 |    50 |       |       |       |       |       |       |       ||    80
       Chain mail        |       |    28 |   298 |   302 |   212 |   564 |   741 |   218 |       ||  2363
       Plate armour      |       |       |       |       |    97 |       |       |       |       ||    97
       Gold dragon scale |       |       |       |       |       |       |       |   194 |       ||   194
       Crystal plate arm |       |       |       |       |       |       |       |    38 |  1740 ||  1778
Dodge: Dodged            |    12 |    51 |   159 |   170 |   178 |   269 |   429 |   239 |   795 ||  2302
Block: Shield            |    25 |    84 |   353 |   369 |   396 |   532 |   776 |   507 |    93 ||  3135
       Large shield      |       |       |       |       |       |       |       |       |  3421 ||  3421
